 Dungeon Sprint DCSS version 0.23.2-1-ga50397a (webtiles) character file.

Game seed: 16296468388764221083

21165 wilfster70 the Warrior (level 12, -2/126 (127) HPs)
             Began as a Minotaur Monk on May 23, 2019.
             Was the Champion of Cheibriados.
             Engulfed by a cloud of foul pestilence (12 damage)
             ... in the Dungeon (Sprint V: "Ziggurat Sprint").
             The game lasted 00:08:58 (1247 turns).

wilfster70 the Warrior (Minotaur Monk)              Turns: 1247, Time: 00:08:59

HP:   -2/126 (127)  AC: 31    Str: 36    XL:     12   Next: 51%
MP:   9/19          EV: 17    Int: 29    God:    Cheibriados [******]
Gold: 0             SH: 40    Dex: 30    Spells: 20/20 levels left

rFire    + + .     SeeInvis +   C - +12 lance "Wyrmbane" {slay drac, rPois rF+ rC+ AC+3}
rCold    + + .     Gourm    .   q - +18 shield of the Gong {rElec rN+ MR+ EV-5}
rNeg     + . .     Faith    .   w - +5 gold dragon scales
rPois    +         Spirit   .   (helmet restricted)
rElec    +         Reflect  +   z - +1 cloak {rPois}
rCorr    .         Harm     .   (no gloves)
MR       +....     NoTele   +   (no boots)
Stlth    ..........             b - +5 amulet of reflection
HPRegen  0.31/turn              A - +6 ring of strength
MPRegen  0.16/turn              E - ring "Cecruq" {Int+3 SInv}

@: slowed, very slow
A: retaliatory headbutt, horns 2
a: Bend Time, Temporal Distortion, Slouch, Step From Time, Renounce Religion


You were in the Dungeon.
You worshipped Cheibriados.
Cheibriados was exalted by your worship.
You were very hungry.

You visited 1 branch

Inventory:

Hand Weapons
 a - a +0 spear
 C - the +12 lance "Wyrmbane" (weapon) {slay drac, rPois rF+ rC+ AC+3}
   (You found it in the Dungeon)

   It affects your AC (+3).
   It protects you from fire.
   It protects you from cold.
   It protects you from poison.
Armour
 q - the +18 shield of the Gong (worn) {rElec rN+ MR+ EV-5}
   (You found it in the Dungeon)

   It affects your evasion (-5).
   It insulates you from electricity.
   It protects you from negative energy.
   It affects your resistance to hostile enchantments.
 w - +5 gold dragon scales (worn)
 z - a +1 cloak of poison resistance (worn)
Jewellery
 b - a +5 amulet of reflection (around neck)
 A - a +6 ring of strength (left hand)
 E - the ring "Cecruq" (right hand) {Int+3 SInv}
   (You found it in the Dungeon)

   [ring of see invisible]

   It affects your intelligence (+3).
   It lets you see invisible.
 F - an uncursed ring of protection from magic
 G - an uncursed ring of protection from fire
 H - the ring of Burearou {rF+ Int+4}
   (You took it off a wight in the Dungeon)

   [ring of protection from fire]

   It affects your intelligence (+4).
   It protects you from fire.
Wands
 t - a wand of disintegration (7)
 u - a wand of iceblast (7)
 v - a wand of acid (7)
Scrolls
 f - 4 scrolls of amnesia
 h - 7 scrolls of fog
 i - 4 scrolls of blinking
 j - 2 scrolls of holy word
 k - 5 scrolls of identify
 l - 5 scrolls of remove curse
 m - 2 scrolls of fear
 x - 4 scrolls of enchant weapon
 B - 2 scrolls of brand weapon
Potions
 d - 10 potions of curing
 e - 7 potions of heal wounds
 g - 6 potions of magic
 n - 2 potions of brilliance
 o - 2 potions of invisibility
 p - 4 potions of resistance
 r - 5 potions of agility
 s - 5 potions of might
Miscellaneous
 y - a phantom mirror
 D - a sack of spiders
Comestibles
 c - 7 rations
 I - 8 chunks of flesh


   Skills:
 + Level 17.7 Fighting
 - Level 12.1 Polearms
 - Level 16.0 Armour
 - Level 16.0 Dodging
 - Level 1.5 Stealth
 - Level 15.0 Shields
 + Level 4.6 Spellcasting
 - Level 11.5 Invocations


You had 20 spell levels left.
You didn't know any spells.
Your spell library contained the following spells:

 Spells                   Type           Power        Failure   Level  Hunger
 Corona                   Hex            #......      54%         1    None
 Flame Tongue             Conj/Fire      #....        54%         1    None
 Freeze                   Ice            #...         54%         1    None
 Infusion                 Chrm           #...         54%         1    None
 Corpse Rot               Necr           N/A          67%         2    None
 Passwall                 Tmut/Erth      #.......     67%         2    None
 Shroud of Golubria       Chrm/Tloc      #.........   67%         2    None
 Sublimation of Blood     Necr           #.........   67%         2    None
 Swiftness                Chrm/Air       #.......     67%         2    None
 Throw Flame              Conj/Fire      #.....       67%         2    None
 Throw Frost              Conj/Ice       #.....       67%         2    None
 Conjure Flame            Conj/Fire      #.......     88%         3    #......
 Inner Flame              Hex/Fire       #.......     88%         3    #......
 Ozocubu's Armour         Chrm/Ice       #.......     88%         3    #......
 Spectral Weapon          Hex/Chrm       #.......     88%         3    #......
 Stone Arrow              Conj/Erth      #.....       88%         3    #......
 Cause Fear               Hex            #.........   99%         4    ###....
 Leda's Liquefaction      Hex/Erth       #.........   99%         4    ###....
 Passage of Golubria      Tloc           N/A          99%         4    ###....
 Sticky Flame             Conj/Fire      #.......     99%         4    ###....
 Summon Ice Beast         Ice/Summ       #.......     99%         4    ###....
 Throw Icicle             Conj/Ice       #.......     99%         4    ###....
 Agony                    Necr           #.......     100%        5    #####..
 Bolt of Draining         Conj/Necr      #.........   100%        5    #####..
 Bolt of Magma            Conj/Fire/Erth #.........   100%        5    #####..
 Dispel Undead            Necr           #.......     100%        5    #####..
 Excruciating Wounds      Chrm/Necr      #.........   100%        5    #####..
 Fireball                 Conj/Fire      #.........   100%        5    #####..
 Iskenderun's Battlesphe  Conj/Chrm      #.......     100%        5    #####..
 Lee's Rapid Deconstruct  Erth           #.........   100%        5    #####..
 Summon Forest            Summ/Tloc      #.........   100%        5    #####..
 Venom Bolt               Conj/Pois      #.........   100%        5    #####..
 Darkness                 Hex            #.........   100%        6    ######.
 Hydra Form               Tmut           #.........   100%        6    ######.
 Invisibility             Hex            #.......     100%        6    ######.
 Iron Shot                Conj/Erth      #.........   100%        6    ######.
 Malign Gateway           Summ/Tloc      #.........   100%        7    #######
 Monstrous Menagerie      Summ           #.........   100%        7    #######
 Orb of Destruction       Conj           #.........   100%        7    #######
 Spellforged Servitor     Conj/Summ      #.........   100%        7    #######
 Summon Greater Demon     Summ           #.........   100%        7    #######
 Summon Hydra             Summ           #.........   100%        7    #######
 Summon Horrible Things   Summ           #.........   100%        8    #######
 Shatter                  Erth           #.........   100%        9    #######


Dungeon Overview and Level Annotations

Branches:
Dungeon (1/1)

Altars:
Ashenzari
Cheibriados
Dithmenos
Elyvilon
Fedhas
Gozag
Hepliaklqana
Kikubaaqudgha
Makhleb
Nemelex Xobeh
Okawaru
Qazlal
Ru
Sif Muna
Trog
Uskayaw
Vehumet
Wu Jian
Xom
Yredelemnul
Zin
The Shining One
Beogh
Jiyva
Lugonu


Innate Abilities, Weirdness & Mutations

You reflexively headbutt those who attack you in melee.
You have a pair of horns on your head.


Message History

Cheibriados appreciates the change of pace.
The hellwing disappears in a puff of smoke!
The mummy disappears in a puff of smoke!
The neqoxec disappears in a puff of smoke!
The red devil disappears in a puff of smoke!
Your Spellcasting skill increases to level 4!
You destroy the mummy!
Cheibriados appreciates the change of pace.
You destroy the mummy!
Cheibriados thoroughly appreciates the change of pace.
You destroy the mummy priest!
Cheibriados appreciates the change of pace.
The hungry ghost disappears in a puff of smoke!
You feel somewhat more hungry.
You feel extremely nervous for a moment...
You feel as though you will be slow longer.
You feel horribly lethargic.
You feel extremely nervous for a moment...
Something reaches out for you...
You are engulfed in dark miasma.
You die...

▓....)):[=..▓...©....▓
▓...........▓▓▓▓▓▓▓▓▓▓
▓...........▓...8©8...
▓...........▓(.(..=...
▓...........▓..([))...
▓..§..☼.§...▓..(()|...
▓.§▓§.○..▓..▓...()(...
▓..§.☼M§....▓....(....
▓..§§@§3....▓....(....
▓▓▓▓▓▓▓▓▓▓▓▓▓.▓..(..▓.
▓....8©8....▓....©(...
▓...))}..)..▓▓▓▓▓▓▓▓▓▓
▓..."})[|...▓...8©8...
▓.....†.....▓..=.[)=..
▓......÷....▓.....)...
▓....†......▓.........
▓.....†÷....▓.........


You could see a greater mummy and a soul eater.

Vanquished Creatures
  A ghoul (D)
  2 vampire knights (D)
  2 mummy priests (D)
  4 ice dragons (D)
  2 centaur warriors (D)
  A skeletal warrior (D)
  A necromancer (D)
  2 ugly things (D)
  A black mamba (D)
  4 toenail golems (D)
  A spiny frog (D)
  A yaktaur (D)
  A rime drake (D)
  An ice devil (D)
  4 guardian mummies (D)
  3 polar bears (D)
  4 hornets (D)
  A hippogriff (D)
  A blink frog (D)
  A flying skull (D)
  7 spriggans (D)
  An ushabti (D)
  2 shadows (D)
  A human (shapeshifter) (D)
  4 hell hounds (D)
  2 water moccasins (D)
  2 porcupines (D)
  3 ice beasts (D)
  5 black bears (D)
  2 necrophages (D)
  A centaur (D)
  2 wolves (D)
  A crocodile (D)
  2 bullfrogs (D)
  2 earth elementals (D)
  2 wights (D)
  An iron imp (D)
  An orc wizard (D)
  4 mummies (D)
  A shadow imp (D)
  An adder skeleton (D)
  A worm (shapeshifter) (D)
  An orc (D)
  2 bat skeletons (D)
  3 bat zombies (D)
  A ball python skeleton (D)
  A ball python zombie (D)
  A giant cockroach zombie (D)
  2 jackal zombies (D)
  2 leopard gecko zombies (D)
  A quokka zombie (D)
100 creatures vanquished.

Vanquished Creatures (others)
  A centaur warrior (D)
  2 cyclopes (D)
3 creatures vanquished.

Grand Total: 103 creatures vanquished

Notes
Turn   | Place    | Note
-------+----------+-------------------------------------------
     0 | D        | Found the +6 Majin-Bo {vamp, Archmagi MP+6 Int+6}
     0 | D        | Found the +7 great mace "Firestarter" {inner flame, rF++}
     0 | D        | wilfster70 the Minotaur Monk began the quest for the Orb.
     0 | D        | Reached XP level 1. HP: 19/19 MP: 0/0
     0 | D        | Found a blossoming altar of Fedhas.
     4 | D        | Found an opulent altar of Gozag.
     4 | D        | Found a hazy altar of Hepliaklqana.
     4 | D        | Found a viscous altar of Jiyva.
     4 | D        | Found a transporter.
     6 | D        | Became a worshipper of Cheibriados the Contemplative
     6 | D        | Reached * piety under Cheibriados
     6 | D        | Reached ** piety under Cheibriados
     8 | D        | Found an ancient bone altar of Kikubaaqudgha.
    12 | D        | Found a corrupted altar of Lugonu.
    14 | D        | Found a burning altar of Makhleb.
    15 | D        | Found a sacrificial altar of Ru.
    15 | D        | Found a deep blue altar of Sif Muna.
    15 | D        | Found a stormy altar of Qazlal.
    15 | D        | Found a bloodstained altar of Trog.
    15 | D        | Found an iron altar of Okawaru.
    15 | D        | Found a sparkling altar of Nemelex Xobeh.
    31 | D        | Reached skill level 5 in Fighting
    31 | D        | Reached XP level 2. HP: 29/29 MP: 0/3
    34 | D        | Found the +9 heavy crossbow "Sniper" {velocity, Acc+∞ SInv}
    34 | D        | Found the +10 dark maul {crush}
    34 | D        | Found the +15 Maxwell's patent armour {-Cast -Tele rElec
                  | MR+ rCorr}
    34 | D        | Found the +18 shield of the Gong {rElec rN+ MR+ EV-5}
    34 | D        | Found the cursed +14 obsidian axe {chop, +Fly SInv *Curse}
    41 | D        | Found the +6 shillelagh "Devastator" {shatter}
    41 | D        | Found the +11 plutonium sword {*Contam Stlth-}
    41 | D        | Found the +8 lance "Wyrmbane" {slay drac, rPois rF+ rC+
                  | AC+3}
    41 | D        | Found the +9 sword of Zonguldrok {reap}
    41 | D        | Found the cursed +13 scythe of Curses {drain, *Curse}
    41 | D        | Found the +0 sword of Power
    41 | D        | Found the +7 mace of Variability {chain chaos}
    41 | D        | Found the +7 Singing Sword {slice, sonic wave}
    41 | D        | Found the +7 longbow "Piercer" {penet, EV-2}
    77 | D        | Entered arena 2.
    77 | D        | Found a transporter.
    82 | D        | Reached skill level 1 in Shields
    82 | D        | Reached XP level 3. HP: 36/36 MP: 4/4
    94 | D        | Entered arena 3.
    94 | D        | Found a transporter.
    97 | D        | Reached *** piety under Cheibriados
   102 | D        | Reached skill level 5 in Dodging
   109 | D        | Entered arena 4.
   109 | D        | Noticed a purple ugly thing
   109 | D        | Noticed a cyan ugly thing
   109 | D        | Noticed a human
   109 | D        | Found a transporter.
   124 | D        | Killed a brown ugly thing
   124 | D        | Reached **** piety under Cheibriados
   124 | D        | Reached skill level 7 in Fighting
   124 | D        | Reached skill level 10 in Polearms
   124 | D        | Reached skill level 5 in Shields
   124 | D        | Reached skill level 5 in Invocations
   124 | D        | Reached XP level 4. HP: 25/48 MP: 4/7
   124 | D        | Reached XP level 5. HP: 28/53 MP: 4/8
   124 | D        | Reached XP level 6. HP: 32/61 MP: 4/9
   128 | D        | Killed a purple ugly thing
   128 | D        | Reached skill level 8 in Fighting
   128 | D        | Reached XP level 7. HP: 23/69 MP: 4/10
   134 | D        | Killed a human
   347 | D        | Entered arena 5.
   347 | D        | Found a transporter.
   351 | D        | Reached ***** piety under Cheibriados
   351 | D        | Reached skill level 9 in Fighting
   351 | D        | Reached XP level 8. HP: 78/78 MP: 10/12
   368 | D        | Entered arena 6.
   368 | D        | Found a transporter.
   379 | D        | Reached ****** piety under Cheibriados
   397 | D        | Entered arena 7.
   397 | D        | Noticed a toenail golem
   397 | D        | Noticed a toenail golem
   397 | D        | Noticed a toenail golem
   397 | D        | Noticed a toenail golem
   403 | D        | Killed a toenail golem
   403 | D        | Reached skill level 10 in Fighting
   407 | D        | Killed a toenail golem
   407 | D        | Reached XP level 9. HP: 86/86 MP: 12/14
   411 | D        | Killed a toenail golem
   411 | D        | Reached skill level 10 in Armour
   415 | D        | Killed a toenail golem
   415 | D        | Reached skill level 11 in Fighting
   415 | D        | Reached skill level 10 in Dodging
   415 | D        | Reached skill level 10 in Shields
   422 | D        | Found a transporter.
   430 | D        | Got the Tome of Fire and Good Luck
   432 | D        | Entered arena 8.
   432 | D        | Noticed a spriggan rider
   433 | D        | Found a transporter.
   471 | D        | Entered arena 9.
   471 | D        | Noticed a centaur warrior
   471 | D        | Noticed a centaur warrior
   471 | D        | Noticed a yaktaur
   471 | D        | Noticed a cyclops
   471 | D        | Noticed a centaur warrior
   471 | D        | Noticed a cyclops
   472 | D        | Found the +10 large shield of Ignorance {rN+ Int-4}
   472 | D        | Found a transporter.
   473 | D        | Killed a centaur warrior
   473 | D        | Reached skill level 12 in Fighting
   473 | D        | Reached XP level 10. HP: 65/97 MP: 16/16
   475 | D        | Killed a centaur warrior
   475 | D        | Reached skill level 10 in Invocations
   475 | D        | Killed a cyclops
   476 | D        | Killed a cyclops
   480 | D        | Killed a centaur warrior
   480 | D        | Reached skill level 13 in Fighting
   487 | D        | Got the ring "Cecruq" {Int+3 SInv}
   646 | D        | Entered arena 10.
   646 | D        | Noticed a spriggan rider
   646 | D        | Noticed a spriggan rider
   646 | D        | Noticed a spriggan rider
   647 | D        | Found a transporter.
   679 | D        | Reached XP level 11. HP: 104/107 MP: 18/18
   698 | D        | Entered arena 11.
   698 | D        | Identified the +8 spear of Moral Flaws {elec, rPois}
   714 | D        | Found a transporter.
   720 | D        | Got the amulet "Pegukair" {Faith rElec Dex+3}
   733 | D        | Entered arena 12.
   733 | D        | Identified the cursed +1 broad axe "Gaorrya" {pain, Dex+5}
   733 | D        | Noticed a vampire knight
   733 | D        | Identified the ring of Burearou {rF+ Int+4}
   733 | D        | Noticed a necromancer
   733 | D        | Noticed a ghoul
   733 | D        | Noticed a skeletal warrior
   733 | D        | Noticed a vampire knight
   736 | D        | Killed a necromancer
   736 | D        | Reached skill level 14 in Fighting
   738 | D        | Killed a skeletal warrior
   739 | D        | Found a transporter.
   744 | D        | Killed a ghoul
   745 | D        | HP: 5/111 [vampire knight/the cursed +1 broad axe "Gaorrya"
                  | {pain, Dex+5} (16)]
   745 | D        | HP: 2/111 [vampire knight/the cursed +1 broad axe "Gaorrya"
                  | {pain, Dex+5} (3)]
   748 | D        | Killed a vampire knight
   751 | D        | Killed a vampire knight
   751 | D        | Reached skill level 15 in Fighting
   764 | D        | Got the Reference Book on the Fetching Mountains
  1010 | D        | Entered arena 13.
  1010 | D        | Noticed an ice dragon
  1010 | D        | Noticed an ice dragon
  1010 | D        | Noticed an ice dragon
  1011 | D        | Noticed an ice dragon
  1012 | D        | Reached skill level 15 in Armour
  1017 | D        | Killed an ice dragon
  1021 | D        | Killed an ice dragon
  1021 | D        | Reached skill level 15 in Shields
  1026 | D        | Killed an ice dragon
  1026 | D        | Reached skill level 16 in Fighting
  1026 | D        | Reached skill level 15 in Dodging
  1026 | D        | Reached XP level 12. HP: 84/122 MP: 4/19
  1031 | D        | Killed an ice dragon
  1032 | D        | Found a transporter.
  1182 | D        | Entered arena 14.
  1185 | D        | Reached skill level 1 in Spellcasting
  1189 | D        | Found a transporter.
  1234 | D        | Entered arena 15.
  1235 | D        | Noticed a mummy priest
  1236 | D        | Noticed a mummy priest
  1236 | D        | Noticed a greater mummy
  1237 | D        | Found the +0 pair of fencer's gloves {Riposte Dex+3}
  1237 | D        | Found the +4 dagger "Morg" {pain, MR+ Int+5}
  1239 | D        | Noticed a death scarab
  1239 | D        | Noticed a death scarab
  1239 | D        | Noticed a death scarab
  1243 | D        | Noticed a jiangshi
  1243 | D        | Noticed a jiangshi
  1243 | D        | Reached skill level 17 in Fighting
  1244 | D        | Noticed a death scarab
  1244 | D        | Noticed a death scarab
  1244 | D        | Noticed a death scarab
  1244 | D        | Noticed a death scarab
  1247 | D        | Killed a mummy priest
  1247 | D        | Killed a mummy priest
  1247 | D        | Engulfed by a cloud of foul pestilence

Skill      XL: |  1  2  3  4  5  6  7  8  9 10 11 12 |
---------------+-------------------------------------+-----
Fighting       | 5 7 8 9 10 12 13 16 17 | 17.7
Polearms       | 6 10 11 12 | 12.1
Armour         | 3 6 7 8 9 11 13 15 16 | 16.0
Dodging        | 4 7 8 9 11 12 15 16 | 16.0
Invocations    | 2 3 5 6 8 9 11 | 11.5
Shields        | 1 5 6 7 9 11 12 15 | 15.0
Spellcasting   | 4 |  4.6
Stealth        | |  1.5

Action                   |  1- 3 |  4- 6 |  7- 9 | 10-12 || total
-------------------------+-------+-------+-------+-------++-------
Melee: Lance             |    27 |     4 |    71 |    93 ||   195
       Headbutt          |     5 |     2 |    21 |    28 ||    56
Invok: Slouch            |       |       |       |    15 ||    15
  Use: Potion            |     1 |       |       |     4 ||     5
Armor: Gold dragon scale |     6 |     1 |     6 |    24 ||    37
Dodge: Dodged            |       |       |     4 |    27 ||    31
Block: Shield            |    20 |     3 |    79 |   182 ||   284
       Reflection        |       |       |     9 |     8 ||    17
